 Dungeon Crawl Stone Soup version 0.27-a0-13-g87abb2d9eb (webtiles) character file.

Game seed: 2950254538799407359

314280 HoaS the Wrestler (level 21, -4/192 HPs)
             Began as a Ghoul Gladiator on Jan 1, 2021.
             Was the Champion of Makhleb.
             Slain by a vault warden
             ... wielding a +1 battleaxe of electrocution
              (12 damage)
             ... on level 2 of the Vaults on Jan 2, 2021.
             The game lasted 01:58:17 (39568 turns).

HoaS the Wrestler (Ghoul Gladiator)                Turns: 39568, Time: 01:58:18

Health: -4/192     AC: 20    Str: 21    XL:     21   Next: 35%
Magic:  20/20      EV: 24    Int:  3    God:    Makhleb [******]
Gold:   754        SH:  5    Dex: 17    Spells: 20/20 levels left

rFire    + . .     SeeInvis +     - Unarmed
rCold    + + +     Faith    .   (no shield)
rNeg     + + +     Spirit   .   O - +5 steam dragon scales "Cemp" {Will+++ Regen+ Str-4 Dex+4}
rPois    ∞         Reflect  +   b - +2 helmet
rElec    .         Harm     .   M - +2 cloak {rC+}
rCorr    .         Rampage  .   (no gloves)
Will     ++++.                  s - +2 pair of boots
Stlth    ++........             P - amulet of Ittor {Reflect rF+ rC+ SH+5 SInv}
HPRegen  0.00/turn              y - +4 ring of protection
MPRegen  0.17/turn              G - +4 ring of slaying

@: about to teleport, corroded
A: claws 1, cold resistance 1, negative energy resistance 3, inhibited
regeneration, torment resistance, unbreathing
}: 2/15 runes: barnacled, gossamer
a: Renounce Religion, Minor Destruction, Lesser Servant of Makhleb, Major
Destruction, Greater Servant of Makhleb


You were on level 2 of the Vaults.
You worshipped Makhleb.
Makhleb was exalted by your worship.
You visited 8 branches of the dungeon, and saw 36 of its levels.
You also visited: Bailey and Ice Cave.

You collected 5117 gold pieces.
You spent 4363 gold pieces at shops.

Inventory:

Missiles
 c - 50 javelins
 f - 50 silver javelins
 N - 3 throwing nets (quivered)
Armour
 b - a +2 helmet (worn)
 n - the +8 chain mail of Hubris {-Cast +Fly rElec rF+}
   (You found it on level 1 of the Elven Halls)

   It protects you from fire.
   It insulates you from electricity.
   It lets you fly.
   It prevents spellcasting.
 s - a +2 pair of boots (worn)
 M - a +2 cloak of cold resistance (worn)
 O - the +5 steam dragon scales "Cemp" (worn) {Will+++ Regen+ Str-4 Dex+4}
   (You bought it in a shop on level 9 of the Dungeon)

   It affects your strength (-4).
   It affects your dexterity (+4).
   It affects your willpower, your defense against some magical effects.
   It increases your rate of regeneration.
Jewellery
 e - an uncursed ring of resist corrosion
 v - an uncursed ring of flight
 x - an uncursed ring of willpower
 y - a +4 ring of protection (left claw)
 E - a +4 ring of evasion
 F - a +4 ring of protection
 G - a +4 ring of slaying (right claw)
 P - the amulet of Ittor (around neck) {Reflect rF+ rC+ SH+5 SInv}
   (You bought it in a shop on level 5 of the Dungeon)

   [amulet of reflection]

   It shields you and reflects attacks.
   It protects you from fire.
   It protects you from cold.
   It lets you see invisible.
   It affects your SH (+5).
 R - a +4 ring of evasion
Wands
 k - a wand of disintegration (11)
 l - a wand of acid (34)
 r - a wand of polymorph (36)
 D - a wand of flame (146)
 K - a wand of paralysis (17)
 L - a wand of iceblast (23)
 Q - a wand of random effects (78)
Scrolls
 g - 2 scrolls of magic mapping
 j - 6 scrolls of fog
 m - a scroll of torment
 t - 9 scrolls of teleportation
 u - a scroll of enchant armour
 w - 7 scrolls of remove curse
 A - 5 scrolls of blinking
 B - 7 scrolls of fear
 C - 3 scrolls of silence
 H - 11 scrolls of identify
Potions
 a - 5 potions of ambrosia
 d - 4 potions of invisibility
 h - 29 potions of curing
 i - 3 potions of resistance
 o - 10 potions of flight
 p - 2 potions of attraction
 q - 4 potions of might
 J - 2 potions of haste


   Skills:
 + Level 17.4 Fighting
 - Level 1.7 Throwing
 + Level 14.8 Armour
 + Level 15.1 Dodging
 * Level 24.8 Unarmed Combat


You had 20 spell levels left.
You didn't know any spells.
Your spell library contained the following spells:

 Spells                   Type           Power        Failure   Level
 Animate Skeleton         Necr           0%           52%         1
 Apportation              Tloc           0%           52%         1
 Corona                   Hex            0%           52%         1
 Freeze                   Ice            0%           52%         1
 Magic Dart               Conj           0%           52%         1
 Pain                     Necr           0%           52%         1
 Sandblast                Erth           0%           52%         1
 Summon Small Mammal      Summ           0%           52%         1
 Passwall                 Tmut/Erth      0%           67%         2
 Searing Ray              Conj           0%           67%         2
 Slow                     Hex            0%           67%         2
 Confusing Touch          Hex            0%           88%         3
 Dazzling Flash           Conj/Hex       0%           88%         3
 Frozen Ramparts          Ice            0%           88%         3
 Gell's Gravitas          Tloc           0%           88%         3
 Inner Flame              Hex/Fire       0%           88%         3
 Lesser Beckoning         Tloc           0%           88%         3
 Ozocubu's Armour         Ice            0%           88%         3
 Portal Projectile        Hex/Tloc       0%           88%         3
 Static Discharge         Conj/Air       0%           88%         3
 Stone Arrow              Conj/Erth      0%           88%         3
 Tukima's Dance           Hex            0%           88%         3
 Vampiric Draining        Necr           0%           88%         3
 Animate Dead             Necr           0%           99%         4
 Cause Fear               Hex            0%           99%         4
 Fulminant Prism          Conj/Hex       0%           99%         4
 Hailstorm                Conj/Ice       0%           99%         4
 Iskenderun's Mystic Bla  Conj/Tloc      0%           99%         4
 Leda's Liquefaction      Hex/Erth       0%           99%         4
 Petrify                  Tmut/Erth      0%           99%         4
 Summon Ice Beast         Ice/Summ       0%           99%         4
 Agony                    Necr           0%           100%        5
 Alistair's Intoxication  Tmut/Pois      0%           100%        5
 Lee's Rapid Deconstruct  Erth           0%           100%        5
 Lightning Bolt           Conj/Air       0%           100%        5
 Metabolic Englaciation   Hex/Ice        0%           100%        5
 Silence                  Hex/Air        0%           100%        5
 Summon Demon             Summ           0%           100%        5
 Summon Forest            Summ/Tloc      0%           100%        5
 Summon Mana Viper        Hex/Summ       0%           100%        5
 Yara's Violent Unravell  Hex/Tmut       0%           100%        5
 Freezing Cloud           Conj/Ice/Air   0%           100%        6
 Invisibility             Hex            0%           100%        6
 Ozocubu's Refrigeration  Ice            0%           100%        6
 Shadow Creatures         Summ           N/A          100%        6
 Simulacrum               Ice/Necr       0%           100%        6
 Summon Hydra             Summ           0%           100%        7
 Discord                  Hex            0%           100%        8
 Ignition                 Fire           0%           100%        8
 Shatter                  Erth           0%           100%        9
 Tornado                  Air            0%           100%        9
 Ice Form                 Ice/Tmut       Unusable     N/A         4

Dungeon Overview and Level Annotations

Branches:
Dungeon (15/15)            Temple (1/1) D:5            Lair (6/6) D:9
 Shoals (4/4) Lair:2       Spider (4/4) Lair:2        Slime (0/5) Lair:6
    Orc (2/2) D:12            Elf (2/3) Orc:2        Vaults (2/5) D:14
 Depths (0/5) D:15         Bailey (visited)           IceCv (visited)
  Crypt: Vaults:2-3

Altars:
Ashenzari
Dithmenos
Elyvilon
Fedhas
Gozag
Hepliaklqana
Kikubaaqudgha
Makhleb
Nemelex Xobeh
Qazlal
Sif Muna
Trog
Vehumet
Yredelemnul
Zin
The Shining One
Beogh

Shops:
D:5 =   D:7 !   D:9 *   D:15 *   Orc:2 ([*(   Elf:1 *=   Elf:2 =
Shoals:1 ?![=*   Shoals:3 ?


Innate Abilities, Weirdness & Mutations

You thrive by killing the living.
You are immune to poison.
You have sharp fingernails.
Your flesh is cold resistant. (rC+)
You are immune to negative energy. (rN+++)
You do not regenerate when monsters are visible.
You are immune to unholy pain and torment.
You can survive without breathing.


Message History

Makhleb accepts your kill.
You feel better. The orc wizard completely misses you.
You block the vault warden's attack.
As you read the scroll of teleportation, it crumbles to dust.
You feel strangely unstable.
The orc wizard no longer looks unusually strong.
You block the orc wizard's attack. You block the orc knight's attack.
The ogre mage barely misses you.
The deep elf archer unwields a +0 shortbow.
The deep elf archer wields a +0 dagger.
The deep elf archer hits you but does no damage.
Okay, then.
You barely miss the vault warden.
The vault warden is heavily wounded.
The orc wizard completely misses you.
The ogre mage hits you but does no damage.
The vault warden hits you with a +1 battleaxe of electrocution!!
* * * LOW HITPOINT WARNING * * *
You are electrocuted!
You die...

#.## ###. ...
#..## ##... ..
#...###.... ..
#....##....
.#######..........
......##........#.
#oO...###########'
#po(..# #.....
#@)...# #.....
#eo...# #.....
#(##### #..... #.#
#..... #####.#
#..... #...((#
#..... #.[.(.#
#..... #...(.#
#..... #.....#####
#.....


You could see a vault warden, an orc knight, an ogre mage, a deep elf archer
(repels missiles), an orc wizard (fast) and an orc.

Vanquished Creatures
  Arachne (Spider:2)
  Rupert (D:15)
  A deep elf blademaster (Elf:1)
  A kraken (Shoals:1)
  A deep elf master archer (Elf:1)
  Agnes (D:15)
  Frances (Spider:1)
  Kirke (Shoals:1)
  A fire giant (Vaults:1)
  The ghost of Qyetio the Fencer, an adept PaBe of Trog (Shoals:1)
  Roxanne (Spider:1)
  Donald (Spider:3)
  A frost giant (IceCv)
  4 emperor scorpions (Spider:3)
  2 orc warlords
  Aizul (Vaults:1)
  7 vault wardens
  3 deep elf sorcerers
  4 ghost moths
  6 ironheart preservers
  A war gargoyle (D:14)
  3 very ugly things (Vaults:1)
  A stone giant (Vaults:1)
  5 deep elf demonologists
  A spark wasp (Spider:4)
  2 deep elf annihilators
  6 entropy weavers
  Snorg (Lair:4)
  A deep elf death mage (Elf:1)
  2 ettins
  7 merfolk javelineers
  10 merfolk impalers
  2 fire dragons
  2 yaktaur captains
  6 vault guards
  Erolcha (Orc:1)
  An ice dragon (Vaults:1)
  Fannar (Lair:1)
  Harold (Lair:1)
  5 alligator snapping turtles
  4 rakshasas
  3 catoblepae
  6 hydras
  5 boulder beetles
  3 merfolk aquamancers
  A satyr (Shoals:2)
  Erica (Orc:1)
  An ogre mage (D:12)
  3 centaur warriors
  4 merfolk avatars
  6 death yaks (Lair:6)
  20 dancing weapons
  11 two-headed ogres
  A two-headed ogre (shapeshifter) (D:14)
  The ghost of wakim the Impaler, a novice MfGl of Trog (D:8)
  4 orc high priests (Orc:2)
  A deep troll shaman (Vaults:1)
  A queen ant (Spider:1)
  A deep troll earth mage (Vaults:1)
  Sonja (D:11)
  8 deep elf knights
  Nergalle (Orc:1)
  2 fire crabs (Shoals:2)
  A death drake (shapeshifter) (Elf:1)
  2 skeletal warriors
  13 sea snakes
  3 unseen horrors
  6 wizards
  A glowing orange brain (Vaults:1)
  2 flayed ghosts
  2 lindwurms
  10 deep elf archers
  3 deep trolls (Vaults:1)
  11 ironbrand convokers
  A sphinx zombie (D:15)
  9 harpies
  11 orb spiders
  2 necromancers
  6 oklob plants
  10 orc knights
  21 wolf spiders
  21 manticores
  5 orc sorcerers
  10 cyclopes
  15 fauns
  15 ugly things
  7 elephants
  11 slime creatures
  45 deep elf magi
  A frost giant zombie (D:15)
  6 merfolk sirens
  3 moths of wrath
  Maurice (Orc:2)
  6 vault sentinels
  12 black mambas
  Joseph (D:10)
  A torpor snail (Spider:2)
  2 gargoyles
  2 ice statues (IceCv)
  3 water nymphs
  A torpor snail (shapeshifter) (Elf:1)
  18 cane toads
  2 molten gargoyles (Lair:6)
  The ghost of MoonlitKnight the Spear-Bearer, a novice MfGl of Okawaru (D:5)
  2 rime drakes
  4 freezing wraiths
  A human zombie (Vaults:2)
  A redback zombie (D:15)
  13 yaktaurs
  20 demonic crawlers
  15 komodo dragons
  2 human skeletons (Vaults:2)
  An efreet (D:15)
  A guardian mummy (D:15)
  A troll (shapeshifter) (Vaults:1)
  2 tengu conjurers
  A harpy zombie (D:15)
  14 hornets
  3 meliai (Lair:4)
  A polar bear (shapeshifter) (D:15)
  18 polar bears
  A queen bee (Lair:4)
  29 jumping spiders
  A queen bee (shapeshifter) (Vaults:2)
  7 trolls
  9 wind drakes
  35 merfolk
  A frost giant simulacrum (Vaults:2)
  9 blink frogs
  4 dream sheep
  2 deep troll zombies
  A centaur simulacrum (D:14)
  6 snapping turtles
  51 redbacks
  3 shadows
  21 tarantellas
  6 wyverns
  A spriggan skeleton (D:15)
  15 water elementals
  A yak (shapeshifter) (Vaults:1)
  2 fire elementals
  54 yaks
  10 fire bats
  5 steam dragons
  11 humans (D:14)
  3 basilisks
  7 wargs
  A vampire mosquito (D:14)
  A soldier ant (shapeshifter) (Vaults:2)
  2 acid dragons
  23 soldier ants
  15 water moccasins
  3 hell hounds (Lair:6)
  A water moccasin (shapeshifter) (Elf:1)
  Purgy (D:4)
  8 sky beasts
  6 ice beasts
  49 orc warriors
  2 necrophages
  6 phantoms
  3 black bears
  2 boggarts
  An eye of draining (D:15)
  13 wolves
  An orc zombie (Vaults:2)
  23 ogres
  7 centaurs
  2 earth elementals
  29 bullfrogs
  A water moccasin zombie (D:7)
  7 scorpions
  A wyvern skeleton (D:14)
  61 killer bees
  3 wights (D:12)
  A human simulacrum (Vaults:2)
  3 electric eels
  5 lava snakes (Lair:6)
  3 centaur zombies
  A quasit (D:7)
  6 jellies
  30 orc priests
  6 hounds
  22 orc wizards
  Crazy Yiuf (D:4)
  2 bullfrog skeletons
  6 centaur skeletons
  2 iguanas
  A hell rat (Lair:4)
  37 worker ants
  2 killer bee zombies
  A bullfrog simulacrum (D:8)
  3 hound skeletons
  6 gnolls
  7 adders
  2 white imps (D:5)
  An ufetubus (D:6)
  4 oozes (Lair:6)
  2 adder zombies
  2 adder skeletons
  3 worms (D:2)
  2 dart slugs
  7 leopard geckos
  139 orcs
  10 bats
  7 giant cockroaches
  17 goblins
  27 hobgoblins
  12 jackals
  24 kobolds
  3 quokkas
  4 ball pythons
  5 frilled lizards
  A leopard gecko skeleton (D:4)
  A quokka skeleton (D:7)
  A quokka zombie (D:6)
  9 rats
  A bush (Lair:1)
  A butterfly (Lair:3)
  A plant (D:12)
  4 tentacles (Shoals:1)
1593 creatures vanquished.

Vanquished Creatures (others)
  5 elephants (Lair:6)
  A komodo dragon (Lair:6)
  A tarantella (Spider:4)
  A water elemental (Elf:1)
  A human (Shoals:1)
  A water moccasin (Lair:6)
  A phantom (D:8)
  A boggart (Elf:1)
  A bullfrog (D:14)
  An orc (D:12)
  43 fungi
  124 plants
  14 tentacles (Shoals:1)
  4 withered plants
199 creatures vanquished.

Grand Total: 1792 creatures vanquished

Notes
Turn   | Place    | Note
-------+----------+-------------------------------------------
     0 | D:1      | HoaS the Ghoul Gladiator began the quest for the Orb.
     0 | D:1      | Reached XP level 1. HP: 17/17 MP: 0/0
   107 | D:1      | Reached XP level 2. HP: 15/24 MP: 1/1
   278 | D:1      | Reached skill level 4 in Unarmed Combat
   515 | D:1      | Reached XP level 3. HP: 29/29 MP: 2/2
   842 | D:2      | Reached skill level 5 in Unarmed Combat
   991 | D:2      | Reached XP level 4. HP: 36/36 MP: 3/3
  2047 | D:3      | Reached skill level 6 in Unarmed Combat
  2121 | D:3      | Reached XP level 5. HP: 41/41 MP: 4/4
  2483 | D:4      | Found a runed translucent door.
  2484 | D:4      | Noticed Crazy Yiuf
  2560 | D:4      | Noticed Purgy
  2583 | D:4      | Killed Purgy
  2584 | D:4      | Reached skill level 7 in Unarmed Combat
  2584 | D:4      | Reached XP level 6. HP: 48/48 MP: 5/5
  2663 | D:4      | Found a bloodstained altar of Trog.
  2733 | D:4      | Found an opulent altar of Gozag.
  2733 | D:4      | Found a sparkling altar of Nemelex Xobeh.
  2880 | D:4      | Found a broken altar of Ashenzari.
  3052 | D:4      | Killed Crazy Yiuf
  3277 | D:5      | Entered Level 5 of the Dungeon
  3311 | D:4      | Reached skill level 8 in Unarmed Combat
  3557 | D:5      | Reached XP level 7. HP: 30/55 MP: 6/6
  3577 | D:5      | HP: 2/55 [iguana (10)]
  3839 | D:5      | Reached skill level 9 in Unarmed Combat
  3853 | D:5      | Found a staircase to the Ecumenical Temple.
  3866 | Temple   | Entered the Ecumenical Temple
  3874 | Temple   | Became a worshipper of Makhleb the Destroyer
  4055 | D:5      | Found Laph's Jewellery Shoppe.
  4073 | D:5      | Reached skill level 10 in Unarmed Combat
  4077 | D:5      | Reached XP level 8. HP: 54/61 MP: 7/7
  4405 | D:5      | Found a large runed translucent door.
  4406 | D:5      | Found a large runed translucent door.
  4407 | D:5      | Noticed MoonlitKnight's ghost (novice MfGl)
  4738 | D:6      | Reached skill level 11 in Unarmed Combat
  4849 | D:6      | Reached * piety under Makhleb
  5061 | D:6      | Found a glowing golden altar of the Shining One.
  5169 | D:6      | Reached skill level 12 in Unarmed Combat
  5212 | D:6      | Reached XP level 9. HP: 67/68 MP: 8/8
  5272 | D:7      | Reached skill level 1 in Armour
  5513 | D:7      | Found a shadowy altar of Dithmenos.
  5667 | D:7      | Found Fyivicum's Distillery.
  5853 | D:5      | Bought a +4 ring of protection for 432 gold pieces
  6029 | D:8      | Killed a large slime creature
  6060 | D:8      | Reached skill level 13 in Unarmed Combat
  6122 | D:8      | Reached XP level 10. HP: 80/80 MP: 9/9
  6165 | D:8      | Reached ** piety under Makhleb
  6167 | D:8      | Reached skill level 5 in Fighting
  6488 | D:8      | Found a hazy altar of Hepliaklqana.
  6608 | D:8      | Found a transporter.
  6774 | D:8      | Found a transporter.
  6774 | D:8      | Noticed wakim's ghost (novice MfGl)
  7005 | D:5      | Killed MoonlitKnight's ghost
  7006 | D:5      | Reached skill level 5 in Dodging
  7176 | D:9      | Found a staircase to the Lair.
  7247 | D:9      | Reached *** piety under Makhleb
  7431 | D:9      | Reached skill level 14 in Unarmed Combat
  7447 | D:9      | Found a stormy altar of Qazlal.
  7594 | D:9      | Found Ifric's Assorted Antiques.
  7819 | D:9      | You fall into a shaft and drop 3 floors!
  7833 | D:12     | Noticed a purple ugly thing
  7867 | D:12     | Killed a purple ugly thing
  7868 | D:12     | Reached XP level 11. HP: 45/91 MP: 10/10
  8104 | D:12     | Reached skill level 5 in Armour
  8145 | D:12     | Found a staircase to the Orcish Mines.
  8210 | D:12     | Noticed a brown ugly thing
  8225 | D:12     | Killed a brown ugly thing
  8269 | D:11     | Noticed a brown ugly thing
  8269 | D:11     | Noticed a two-headed ogre
  8269 | D:11     | Noticed Sonja
  8278 | D:11     | Noticed a cyclops
  8281 | D:10     | Entered Level 10 of the Dungeon
  8529 | D:9      | Reached **** piety under Makhleb
  8586 | D:10     | Noticed Joseph
  8595 | D:10     | Killed Joseph
  9043 | D:10     | Noticed a two-headed ogre
  9049 | D:10     | Killed a two-headed ogre
  9521 | D:5      | Bought an uncursed ring of willpower for 300 gold pieces
  9658 | Lair:1   | Entered Level 1 of the Lair of Beasts
  9677 | Lair:1   | Noticed an oklob plant
  9954 | Lair:1   | Reached skill level 15 in Unarmed Combat
 10337 | Lair:1   | Noticed a seven-headed hydra
 10355 | Lair:1   | Killed a seven-headed hydra
 10356 | Lair:1   | Reached XP level 12. HP: 76/101 MP: 11/11
 10693 | Lair:1   | Noticed Harold
 10704 | Lair:1   | Killed Harold
 10737 | Lair:1   | Noticed Fannar
 10764 | Lair:1   | Killed Fannar
 11109 | Lair:2   | Found a staircase to the Shoals.
 11251 | Lair:2   | Noticed a seven-headed hydra
 11281 | Lair:2   | Killed a seven-headed hydra
 11290 | Lair:2   | Reached skill level 16 in Unarmed Combat
 11347 | Lair:2   | Reached ***** piety under Makhleb
 11348 | Lair:2   | Found a hole to the Spider Nest.
 11815 | Lair:3   | Noticed a four-headed hydra
 11829 | Lair:2   | Killed a four-headed hydra
 12600 | Lair:4   | Reached XP level 13. HP: 111/111 MP: 12/12
 12613 | Lair:4   | Found a frozen archway.
 12625 | IceCv    | Entered an ice cave
 12832 | IceCv    | Reached skill level 17 in Unarmed Combat
 12837 | IceCv    | Reached skill level 10 in Fighting
 12852 | IceCv    | Noticed a frost giant
 12871 | IceCv    | Killed a frost giant
 13276 | Lair:4   | Noticed Snorg
 13316 | Lair:4   | Killed Snorg
 13804 | Lair:4   | Reached ****** piety under Makhleb
 14024 | Lair:4   | Reached XP level 14. HP: 122/122 MP: 13/13
 14743 | Lair:5   | Reached skill level 18 in Unarmed Combat
 15431 | Lair:6   | Entered Level 6 of the Lair of Beasts
 15477 | Lair:6   | Found a staircase to the Slime Pits.
 15482 | Lair:6   | Got a heavily runed golden amulet
 15498 | Lair:6   | Identified the amulet "Une Mok" {Spirit rPois} (You found
                  | it on level 6 of the Lair of Beasts)
 15704 | Lair:6   | Found a large runed translucent door.
 15705 | Lair:6   | Found a large runed translucent door.
 15889 | Lair:6   | Reached skill level 10 in Dodging
 16163 | Lair:6   | Got a smoking golden ring
 16164 | Lair:6   | Identified the ring "Novvaaply" {*Tele +Inv Int+7} (You
                  | found it on level 6 of the Lair of Beasts)
 16922 | D:8      | Killed wakim's ghost
 17066 | D:11     | Reached XP level 15. HP: 132/132 MP: 14/14
 17110 | D:11     | Reached skill level 10 in Armour
 17264 | D:11     | Reached skill level 19 in Unarmed Combat
 17481 | D:11     | Killed Sonja
 17959 | D:12     | Found a blossoming altar of Fedhas.
 18474 | Orc:1    | Entered Level 1 of the Orcish Mines
 18605 | Orc:2    | Entered Level 2 of the Orcish Mines
 18937 | Orc:2    | Found a roughly hewn altar of Beogh.
 19029 | Orc:2    | Found Famit's Antique Weapon Boutique.
 19047 | Orc:2    | Found Vugyck's General Store.
 19154 | Orc:2    | Noticed Maurice
 19163 | Orc:2    | Killed Maurice
 19380 | Orc:2    | Got a warped jade amulet
 19415 | Orc:2    | Identified the amulet "Teesen" {RegenMP Str+2} (You found
                  | it on level 2 of the Orcish Mines)
 19436 | Orc:2    | Found a staircase to the Elven Halls.
 19543 | Orc:2    | Noticed an orc warlord
 19571 | Orc:2    | Killed an orc warlord
 19661 | Orc:2    | Found Pynis's Antique Armour Shoppe.
 19925 | Orc:2    | Found a roughly hewn altar of Beogh.
 19969 | Orc:2    | Found Loisoquc's Antique Weapon Emporium.
 20200 | Orc:1    | You fall into a shaft and drop 1 floor!
 20405 | Orc:1    | Noticed Erica
 20415 | Orc:1    | Noticed Nergalle
 20417 | Orc:1    | Killed Erica
 20421 | Orc:1    | Killed Nergalle
 20567 | Orc:1    | Noticed Erolcha
 20573 | Orc:1    | Killed Erolcha
 20739 | Orc:1    | Found a roughly hewn altar of Beogh.
 20927 | D:9      | Bought fading steam dragon scales for 990 gold pieces
 20927 | D:9      | Identified the +5 steam dragon scales "Cemp" {Will+++
                  | Regen+ Str-4 Dex+4} (You bought it in a shop on level 9 of
                  | the Dungeon)
 21501 | D:13     | Reached XP level 16. HP: 141/141 MP: 15/15
 21515 | D:13     | Found a flagged portal.
 21524 | Bailey   | Entered a bailey
 21983 | D:5      | Bought the amulet of Ittor {Reflect rF+ rC+ SH+5 SInv} for
                  | 662 gold pieces
 22373 | D:13     | Reached skill level 20 in Unarmed Combat
 22690 | D:14     | Found a gate to the Vaults.
 23749 | D:15     | Entered Level 15 of the Dungeon
 23764 | D:15     | Found Vosigyn's General Store.
 23827 | D:15     | Noticed Rupert
 23859 | D:15     | Killed Rupert
 24016 | D:15     | Found a staircase to the Depths.
 24206 | D:15     | Noticed Agnes
 24236 | D:15     | Killed Agnes
 24802 | Elf:1    | Entered Level 1 of the Elven Halls
 25009 | Elf:1    | Found Afereuq's Jewellery Shop.
 25014 | Elf:1    | Found a huge runed gate.
 25014 | Elf:1    | Found a huge runed gate.
 25065 | Elf:1    | Reached XP level 17. HP: 147/151 MP: 16/16
 25238 | Elf:1    | Reached skill level 21 in Unarmed Combat
 25278 | Elf:1    | Got a shimmering chain mail
 25380 | Elf:1    | Identified the +8 chain mail of Hubris {-Cast +Fly rElec
                  | rF+} (You found it on level 1 of the Elven Halls)
 25497 | Elf:1    | Found Coxtar's General Store.
 25606 | Elf:1    | Found a huge runed gate.
 25606 | Elf:1    | Found a huge runed gate.
 25606 | Elf:1    | Found a huge runed gate.
 25606 | Elf:1    | Found a huge runed gate.
 25606 | Elf:1    | Found a huge runed gate.
 25752 | Elf:1    | Noticed a deep elf master archer
 25752 | Elf:1    | Noticed a deep elf blademaster
 25982 | Elf:1    | Killed a deep elf blademaster
 25988 | Elf:1    | Killed a deep elf master archer
 26004 | Elf:1    | Noticed a Hell Sentinel
 26086 | Elf:1    | Got a smoking pewter amulet
 26099 | Elf:1    | Identified the amulet "Qyov" {Faith Str+2 Dex+5} (You found
                  | it on level 1 of the Elven Halls)
 26372 | Elf:2    | Found Jetiheeb's Jewellery Emporium.
 26419 | Elf:2    | Found a runed translucent gate.
 26420 | Elf:2    | Found a runed translucent gate.
 26460 | Elf:2    | Found a runed translucent gate.
 27526 | Shoals:1 | Entered Level 1 of the Shoals
 27526 | Shoals:1 | Found Tidov's Armour Boutique.
 27526 | Shoals:1 | Found Ilohoniz's Distillery.
 27714 | Shoals:1 | Bought a potion of curing for 45 gold pieces
 27714 | Shoals:1 | Bought a potion of curing for 45 gold pieces
 27714 | Shoals:1 | Bought a potion of curing for 45 gold pieces
 27714 | Shoals:1 | Bought a potion of might for 60 gold pieces
 27761 | Shoals:1 | Found a runed translucent door.
 27761 | Shoals:1 | Noticed Qyetio's ghost (adept PaBe)
 27766 | Shoals:1 | Found Tiopu's Magic Scroll Emporium.
 27831 | Shoals:1 | Bought a scroll of blinking for 120 gold pieces
 27862 | Shoals:1 | Killed Qyetio's ghost
 27863 | Shoals:1 | Reached XP level 18. HP: 90/161 MP: 17/17
 27989 | Shoals:1 | Found Voah's Jewellery Shoppe.
 28159 | Shoals:1 | You fall into a shaft and drop 1 floor!
 28190 | Shoals:1 | Noticed Kirke
 28197 | Shoals:1 | Killed Kirke
 28206 | Shoals:1 | Found Ristruw's Assorted Antiques.
 28299 | Shoals:1 | Reached skill level 22 in Unarmed Combat
 28515 | Shoals:2 | Upgraded the game from 0.27-a0-3-gcf006a40f5 to
                  | 0.27-a0-13-g87abb2d9eb
 28827 | Shoals:2 | Reached skill level 15 in Fighting
 29947 | Shoals:3 | Found Yrchiy's Magic Scroll Shop.
 30372 | Shoals:4 | Entered Level 4 of the Shoals
 30686 | Shoals:1 | Bought a scroll of acquirement for 832 gold pieces
 30686 | Shoals:1 | Acquired 230 gold pieces
 31155 | Shoals:4 | Got a scorched iron ring
 31187 | Shoals:4 | Reached XP level 19. HP: 170/170 MP: 18/18
 31232 | Shoals:4 | Got a barnacled rune of Zot
 31525 | Shoals:4 | Identified the +10 scimitar of Qazlal's Vengeance
                  | {antimagic, Int+3}
 31788 | Shoals:4 | Identified the ring "Dujeall" {rN+ Str+4 Int+6 Dex+6} (You
                  | found it on level 4 of the Shoals)
 31953 | Spider:1 | Entered Level 1 of the Spider Nest
 31959 | Spider:1 | Noticed Frances
 31967 | Spider:1 | Killed Frances
 32031 | Spider:1 | Reached skill level 23 in Unarmed Combat
 32042 | Spider:1 | Identified Roxanne's Incunabulum of Earth
 32042 | Spider:1 | Noticed Roxanne
 32066 | Spider:1 | Killed Roxanne
 32420 | Spider:1 | Got an ancient scale mail
 32421 | Spider:1 | Identified the cursed +1 scale mail of Wasted Space {Dex+6}
                  | (You found it on level 1 of the Spider Nest)
 33348 | Spider:2 | Noticed Arachne
 33386 | Spider:2 | Killed Arachne
 33586 | Spider:3 | Noticed Donald
 33598 | Spider:3 | Killed Donald
 34160 | Spider:3 | Got a crude steel ring
 34450 | Spider:4 | Entered Level 4 of the Spider Nest
 34846 | Spider:4 | Reached XP level 20. HP: 165/182 MP: 19/19
 35461 | Spider:4 | Got a gossamer rune of Zot
 35603 | Spider:4 | Identified the ring "Ixufaes" {rC+ Str+4 Stlth-} (You found
                  | it on level 3 of the Spider Nest)
 37070 | Vaults:1 | Entered Level 1 of the Vaults
 37301 | Vaults:1 | Reached skill level 24 in Unarmed Combat
 37415 | Vaults:1 | Noticed Aizul
 37444 | Vaults:1 | Killed Aizul
 38533 | Shoals:1 | Bought a scroll of acquirement for 832 gold pieces
 38533 | Shoals:1 | Acquired 499 gold pieces
 38924 | Vaults:2 | Reached XP level 21. HP: 191/191 MP: 20/20
 39202 | Vaults:2 | Reached skill level 15 in Dodging
 39565 | Vaults:2 | HP: 9/192 [ogre mage/+0 spear[an ironheart preserver] (2)]
 39568 | Vaults:2 | Slain by a vault warden

Illustrated notes

Levels and vault maps discovered:
D:1:      heliophobic_arrival_henge, layout_loops_ring, minmay_split_cup_small
D:2:      layout_basic
D:3:      layout_basic
D:4:      layout_rooms, grunt_temple_overflow_opulence,
          ashenzari_conservatory_becter, general_overflow_altar,
          kennysheep_nondescript, uniq_purgy, uniq_crazy_yiuf_cottage
D:5:      minmay_evil_eye, layout_loops_ring, minmay_temple_entry_mist,
          ebering_ghost_disaster_area, serial_shops, shop
D:6:      layout_rooms, tso_oasis_becter, kennysheep_opposing_triangles
D:7:      layout_loops_ring, overflow_temple_1_default, serial_shops,
          nicolae_shop_crystal
D:8:      layout_cave_pods, nzn_hepliaklqana_mist_gate,
          gammafunk_ghost_mausoleum, minmay_increasing_density
D:9:      layout_loops_cross, nicolae_qazlal_general_emergency,
          due_lair_maze_entry_diamond, serial_shops, nicolae_shop_waterfront
D:10:     layout_stronghold, uniq_joseph
D:11:     layout_rooms, uniq_sonja
D:12:     layout_basic, david_orc_2, tgw_fedhas
D:13:     layout_cave_pools, enter_bailey_3
D:14:     thingy_vault, layout_loops_corners, ximxim_vaults_locker_room,
          minmay_misc_feat_cross, drop_trap, hangedman_decor_growths
D:15:     gammafunk_depths_entry_grave, layout_loops_cross, serial_shops,
          nicolae_shop_crystal, eino_curves_01, uniq_rupert, uniq_agnes
Temple:   eino_temple_lava
Lair:1:   layout_cave_pods, minmay_lair_oklob_bushes, beast_lair_carwin_5,
          infiniplex_staircase_pool_2, serial_bayou_shore_a, lemuel_fruit_tree,
          uniq_fannar, uniq_harold
Lair:2:   layout_layer_cave, shoals_dummy_entry,
          nicolae_spider_entry_non_spiders, st_stairs_9
Lair:3:   layout_regular_city, lemuel_fruit_fields
Lair:4:   regret_index_combs_of_tragedy, layout_loops_ring,
          portal_ice_cave_entry_pillars_2, serial_forest,
          infiniplex_forest_clump_cross, infiniplex_forest_side_room,
          infiniplex_forest_join, infiniplex_forest_end_3,
          infiniplex_forest_lined_4_way, uniq_snorg
Lair:5:   layout_gridlike, minmay_lair_oklob_chamber, infiniplex_staircase_pool
Lair:6:   cheibrodos_lair_end_hotspot, layout_big_grid,
          nicolae_slime_entry_slimehenge, serial_bayou_shore_b
Shoals:1: layout_shoals, serial_shops, shop, shop, shop, shop, shop_statue,
          gammafunk_ghost_grave, uniq_kirke
Shoals:2: layout_shoals, hangedman_shoal_volcano
Shoals:3: cheibrodos_shoals_epimethial_gifts, layout_shoals, serial_shops, shop
Shoals:4: shoals_end_simple, layout_shoals
Spider:1: layout_spider_delve, zaba_anthell, uniq_roxanne, uniq_frances
Spider:2: layout_spider_delve, uniq_arachne
Spider:3: layout_spider_delve, drop_trap, nicolae_spider_shape,
          nicolae_spider_cling_halls, uniq_donald
Spider:4: guppyfry_spider_rune, drop_trap
Orc:1:    cheibrodos_orc_bank, layout_diamond_mine, basic_altar, uniq_erica,
          uniq_erolcha, uniq_nergalle
Orc:2:    pubby_orc_utopia, serial_shops, uniq_maurice
Elf:1:    layout_geoelf_grid, serial_shops, shop, hangedman_elf_disciples,
          minmay_shop_enchanted_jewellery, door_vault
Elf:2:    layout_gridlike, serial_shops, shop
Vaults:1: vaults_room_fancy_cross, v_misc_12, vaults_room_grunt_arrival_ludios,
          hangedman_vaults_stream, v_misc_10, vaults_room_fours, v_misc_11,
          vaults_dpeg_encased_lava, st_lattice,
          ontoclasm_vaults_decontamination, hangedman_vaults_corner_blocks,
          ontoclasm_vaults_twist, layout_vaults_omnicross, uniq_aizul
Vaults:2: hangedman_vaults_stitches, hangedman_vaults_unwind,
          nicolae_vaults_mini_display_case, hangedman_vaults_corner,
          v_pattern_5, hangedman_vaults_impose, vaults_room_pools,
          nicolae_vaults_asterisk, v_alt_pattern_5, grunt_vaults_hallway_long,
          layout_vaults_omnibox

Skill      XL: |  1  2  3  4  5  6  7  8  9 10 11 12 13 14 15 16 17 18 19 20 21 |
---------------+----------------------------------------------------------------+-----
Unarmed Combat | 4 5 6 7 8 10 12 13 14 15 16 17 18 19 20 21 22 23 24 | 24.8
Armour         | 3 4 6 7 8 9 10 11 12 13 14 | 14.8
Dodging        | 4 5 7 8 9 10 11 12 13 14 15 | 15.1
Fighting       | 4 6 8 9 10 11 12 13 14 15 16 17 | 17.4
Throwing       | |  1.7

Action                   |  1- 3 |  4- 6 |  7- 9 | 10-12 | 13-15 | 16-18 | 19-21 || total
-------------------------+-------+-------+-------+-------+-------+-------+-------++-------
Melee: Unarmed           |    98 |   206 |   256 |   648 |  1498 |  1816 |  1492 ||  6014
       Punch             |       |     5 |    14 |    36 |   125 |   182 |   206 ||   568
Throw: Throwing net      |       |     2 |     2 |     3 |     3 |     2 |     1 ||    13
       Boomerang         |       |       |       |       |       |    12 |       ||    12
       Javelin           |       |       |       |       |       |     1 |     6 ||     7
Evoke: Wand              |       |       |       |     4 |     8 |     2 |       ||    14
  Use: Scroll            |     4 |    10 |     7 |    11 |    15 |    14 |     8 ||    69
       Potion            |       |       |     3 |       |     1 |     8 |     2 ||    14
 Stab: Held in net/web   |       |     2 |     1 |     2 |     2 |       |     1 ||     8
       Petrified         |       |       |       |       |     3 |       |       ||     3
       Petrifying        |       |       |       |       |     1 |       |       ||     1
       Sleeping          |       |       |       |       |       |       |     2 ||     2
Armor: Leather armour    |    20 |       |       |       |       |       |       ||    20
       Scale mail        |     2 |    59 |       |       |       |       |       ||    61
       Chain mail        |       |    52 |    68 |       |       |    35 |       ||   155
       Plate armour      |       |       |    45 |   326 |   727 |       |       ||  1098
       Steam dragon scal |       |       |       |       |     7 |   616 |   564 ||  1187
Dodge: Dodged            |    66 |   133 |    65 |   250 |   675 |  1530 |  1472 ||  4191
Block: Other             |       |       |    50 |   120 |   270 |   411 |   361 ||  1212
       Reflection        |       |       |     2 |     4 |     7 |    73 |    16 ||   102

Table legend: (Time is in decaauts)
 A = Elapsed time spent in this place.
 B = Non-inter-level travel time spent in this place.
 C = Inter-level travel time spent in this place.
 D = Time resting spent in this place.
 E = Time spent auto-exploring this place.
 F = Levels seen in this place.
 G = Mean time per level.
                   A        B        C        D        E       F      G
               +--------+--------+--------+--------+--------+-----+--------+
         Total |  37887 |  32174 |   5713 |   3868 |  19475 |  38 |  997.0 |
       Dungeon |  15480 |  12064 |   3416 |   1348 |   8023 |  15 | 1032.0 |
        Temple |     16 |     16 |      0 |      0 |      0 |   1 |   16.0 |
          Lair |   7126 |   6158 |    968 |   1083 |   3692 |   6 | 1187.7 |
        Shoals |   4421 |   4009 |    412 |    394 |   2138 |   4 | 1105.2 |
   Spider Nest |   3438 |   3268 |    170 |    243 |   2113 |   4 |  859.5 |
  Orcish Mines |   2519 |   2002 |    517 |    130 |   1236 |   2 | 1259.5 |
   Elven Halls |   2312 |   2187 |    125 |    462 |   1030 |   2 | 1156.0 |
        Vaults |   1854 |   1752 |    102 |    161 |    997 |   2 |  927.0 |
        Bailey |    189 |    189 |      0 |     21 |     37 |   1 |  189.0 |
      Ice Cave |    528 |    528 |      0 |     26 |    207 |   1 |  528.0 |
               +--------+--------+--------+--------+--------+-----+--------+

Top non-repeatable levels by time:
  Lair:1: 1803 daAuts
   Orc:2: 1785 daAuts
    D:10: 1599 daAuts
     D:5: 1509 daAuts
    D:12: 1344 daAuts
     D:8: 1331 daAuts
   Elf:1: 1260 daAuts
  Lair:4: 1250 daAuts
  Lair:6: 1243 daAuts
Shoals:1: 1204 daAuts
Vaults:1: 1200 daAuts
     D:9: 1198 daAuts
    D:14: 1198 daAuts
Shoals:4: 1192 daAuts
  Lair:5: 1125 daAuts
